Map: Disco Bloodbath LE

Players

Elazer

  • Race: Zerg Zerg
  • League: Master
  • Spawn Location: 3:00

Clem - Winner!

  • Race: Terran Terran
  • League: Master
  • Spawn Location: 9:00

Event: NationWars 2019

VOD

Have the link to the VOD?

Description

Time

  • Played on: Nov. 17, 2019, 5:47 p.m.
  • Length: 15:08
Show
View Real Time Build Order
Export as new Build Order

Elazer Zerg 

Build Orders: Hatch First 

Get SALT Encoding   

  12  0:00  Drone  
  13  0:12  Overlord  
  13  0:16  Drone  
  14  0:30  Drone x2  
  16  0:47  Hatchery  
  15  0:50  Drone  
  15  0:54  Drone  
  17  0:57  Drone  
  18  1:08  Extractor  
  17  1:14  Spawning Pool  
  17  1:15  Drone  
  17  1:18  Drone  
  18  1:27  Drone  
  19  1:38  Drone  
  20  1:49  Drone  
  21  2:00  Queen x2  
  21  2:01  Zergling x4  
  27  2:13  Hatchery  
  26  2:17  Overlord  
  26  2:20  Drone  
  27  2:23  Drone  
  28  2:31  Metabolic Boost  
  28  2:37  Drone x3  
  28  2:43  Queen  
  33  2:48  Overlord  
  33  2:53  Drone  
  33  2:54  Drone  
  33  2:55  Drone  
  36  3:10  Drone x5  
  41  3:18  Drone  
  42  3:21  Overlord  
  42  3:22  Queen  
  42  3:24  Queen  
  46  3:30  Overlord  
  46  3:31  Drone  
  47  3:34  Drone  
  47  3:36  Drone x2  
  50  3:45  Zergling x8  
  54  3:52  Zergling x2, Drone  
  54  3:54  Extractor  
  55  3:57  Zergling x2  
  55  3:58  Drone x4  
  55  4:00  Queen  
  55  4:02  Lair  
  63  4:07  Drone x2  
  63  4:09  Overlord  
  65  4:13  Drone  
  66  4:24  Overlord  
  66  4:26  Baneling Nest  
  66  4:30  Zergling x2  
  66  4:31  Drone x6  
  72  4:35  Spore Crawler x2, Drone  
  72  4:36  Drone x3  
  74  4:41  Queen  
  74  4:42  Overlord  
  76  4:50  Drone x5  
  81  4:54  Drone  
  82  5:01  Evolution Chamber  
  82  5:05  Drone x6  
  88  5:07  Extractor  
  88  5:09  Overseer, Extractor x3  
  88  5:12  Drone x5  
  89  5:17  Centrifical Hooks  
  89  5:23  Evolution Chamber  
  89  5:24  Evolution Chamber  
  89  5:26  Drone x2  
  89  5:30  Overlord  
  89  5:31  Drone  
  89  5:34  Hatchery  
  89  5:37  Zergling x2  
  89  5:39  Overlord  
  90  5:45  Overlord  
  90  5:48  Extractor, Hydralisk Den, Overlord  
  88  5:50  Zerg Melee Weapons Level 1  
  88  5:52  Drone x3  
  88  5:53  Drone x2  
  88  5:55  Overlord  
  88  5:56  Zergling x10  
  98  6:02  Overlord  
  98  6:03  Zerg Ground Armor Level 1  
  99  6:04  Zergling x2  
  99  6:05  Baneling  
  99  6:06  Baneling x2  
  99  6:12  Zergling x6  
  99  6:14  Baneling x5  
  101  6:18  Zergling x10  
  101  6:22  Muscular Augments  
  106  6:27  Baneling x2  
  106  6:28  Zergling x14  
  113  6:33  Zergling x4  
  111  6:48  Zergling x2  
  111  6:49  Zergling x8  
  114  6:57  Drone x5  
  114  6:59  Drone  
  114  7:01  Infestation Pit  
  115  7:04  Queen  
  115  7:05  Drone x4  
  119  7:10  Drone x2  
  119  7:11  Baneling x3  
  119  7:13  Burrow  
  119  7:14  Drone x4  
  125  7:17  Nydus Network  
  125  7:19  Baneling x6  
  125  7:20  Overlord  
  125  7:21  Drone x3  
  125  7:22  Spore Crawler  
  126  7:24  Zergling x2, Hatchery  
  126  7:25  Zergling x2  
  127  7:30  Baneling x4  
  127  7:31  Zergling x6  
  129  7:37  Zergling x8  
  129  7:41  Overlord  
  133  7:51  Zergling x22  
  143  7:58  Overseer  
  143  7:59  Pneumatized Carapace  
  143  8:00  Zerg Ground Armor Level 2, Zerg Melee Weapons Level 2  
  143  8:02  Overseer  
  143  8:06  Zergling x10  
  143  8:07  Baneling x7  
  143  8:08  Grooved Spines  
  143  8:09  Hive  
  143  8:12  Extractor  
  144  8:14  Drone x3  
  144  8:15  Extractor  
  144  8:20  Drone x3  
  144  8:23  Hydralisk x6  
  158  8:29  Hydralisk  
  158  8:32  Extractor  
  158  8:36  Drone x3  
  159  8:41  Hydralisk x2  
  159  8:44  Nydus Canal  
  159  8:46  Zergling x2  
  159  8:47  Zergling x4  
  166  8:50  Baneling x5  
  166  8:57  Overlord  
  162  9:04  Nydus Canal  
  152  9:13  Drone x5  
  152  9:14  Drone x6  
  152  9:16  Spore Crawler  
  160  9:17  Spore Crawler  
  160  9:19  Nydus Canal  
  159  9:27  Drone, Ultralisk Cavern, Viper x2  
  165  9:33  Spore Crawler  
  165  9:35  Queen  
  159  9:43  Zergling x22  
  159  9:44  Overlord  
  159  9:45  Overlord x2  
  170  9:47  Overlord  
  170  9:48  Spire  
  159  10:06  Drone x6  
  165  10:08  Zergling x2  
  165  10:11  Adrenal Glands, Queen  
  165  10:12  Ultralisk Cavern  
  165  10:17  Chitinous Plating  
  165  10:19  Overseer, Zerg Ground Armor Level 3, Zerg Missile Weapons Level 1  
  166  10:21  Drone x2  
  166  10:23  Spore Crawler  
  166  10:24  Zergling x8  
  166  10:25  Spore Crawler, Zergling x24  
  166  10:26  Baneling x7  
  179  10:28  Nydus Canal  
  178  10:41  Zergling x24  
  173  10:45  Overseer  
  170  10:50  Nydus Canal  
  170  10:52  Baneling x13  
  170  10:59  Zergling x18  
  142  11:11  Zergling x12  
  141  11:26  Ultralisk x3  
  141  11:27  Zergling x2  
  141  11:28  Zergling x22  
  141  11:30  Nydus Canal  
  170  11:33  Drone  
  170  11:36  Anabolic Synthesis  
  156  11:41  Overseer x2  
  156  11:44  Zergling x10  
  156  11:45  Queen  
  155  11:53  Ultralisk x2  
  162  11:59  Zergling x14  
  162  12:11  Corruptor  
  162  12:12  Corruptor x2  
  162  12:14  Hatchery  
  167  12:21  Drone x3  
  167  12:22  Drone x2  
  172  12:24  Spore Crawler  
  172  12:28  Zergling x8, Ultralisk  
  173  12:38  Overlord  
  173  12:41  Baneling  
  173  12:42  Baneling x10  
  173  12:50  Greater Spire  
  165  12:51  Overlord x2  
  165  12:52  Overlord x6  
  159  13:04  Zergling x2  
  159  13:05  Zergling x32  
  158  13:07  Overseer  
  158  13:10  Zergling x6  
  151  13:21  Zergling x10  
  154  13:28  Ultralisk x2  
  154  13:31  Zergling x6  
  138  13:37  Overseer  
  138  13:39  Drone x4  
  129  13:41  Drone x3  
  129  13:48  Baneling x8  
  132  13:50  Zergling x2  
  132  13:51  Zergling x8  
  137  13:56  Corruptor  
  137  13:58  Baneling  
  137  13:59  Baneling x7  
  137  14:02  Overseer  
  139  14:03  Baneling x7  
  139  14:09  Zergling x12  
  143  14:15  Zergling x2  
  143  14:16  Zergling x12  
  118  14:26  Zergling x10  
  118  14:29  Ultralisk  
  120  14:38  Baneling x2  
  124  14:39  Nydus Canal  
  124  14:40  Zergling x2  
  124  14:41  Zergling x10  
  124  14:43  Baneling  
  130  14:47  Zergling x4  
  130  14:48  Zergling x2  
Show
View Real Time Build Order
Export as new Build Order

Clem Terran - Winner!

Build Orders: Liberator Opening, Reaper Expand 

Get SALT Encoding   

  12  0:00  SCV  
  13  0:13  SCV  
  14  0:17  Supply Depot  
  14  0:25  SCV  
  15  0:38  SCV  
  15  0:39  Barracks  
  16  0:45  Refinery  
  16  0:50  SCV  
  17  1:03  SCV  
  18  1:15  SCV  
  19  1:28  Orbital Command, Reaper  
  20  1:37  Command Center  
  20  1:47  Supply Depot  
  20  1:53  SCV  
  21  2:00  Marine  
  22  2:06  SCV  
  22  2:08  Factory  
  23  2:15  Refinery  
  23  2:18  SCV  
  23  2:22  Barracks Reactor  
  24  2:30  SCV  
  25  2:42  SCV  
  26  2:49  Orbital Command  
  26  2:54  Starport  
  26  2:55  SCV  
  27  3:02  Hellion x2  
  31  3:07  SCV  
  31  3:10  Barracks Tech Lab  
  32  3:13  Liberator  
  32  3:14  Supply Depot  
  32  3:15  SCV  
  32  3:19  SCV  
  34  3:23  Hellion x2  
  38  3:28  SCV  
  38  3:31  SCV  
  43  3:38  Supply Depot  
  43  3:40  SCV  
  44  3:43  Stimpack, SCV  
  44  3:47  Hellion  
  49  3:48  Hellion  
  49  3:52  SCV  
  49  3:55  SCV  
  51  4:00  Supply Depot  
  51  4:05  SCV  
  51  4:09  Command Center  
  52  4:15  Starport Reactor  
  52  4:17  SCV  
  52  4:18  Factory Tech Lab, SCV  
  52  4:21  Marine  
  55  4:28  Barracks  
  55  4:29  Barracks  
  55  4:32  SCV  
  55  4:33  SCV  
  57  4:39  Engineering Bay x2  
  57  4:43  Siege Tank  
  57  4:44  SCV  
  57  4:45  Marine  
  62  4:46  SCV  
  62  4:52  Refinery  
  63  4:53  Refinery  
  63  4:58  SCV x2  
  63  4:59  Supply Depot  
  65  5:01  Starport Reactor  
  65  5:05  Marine  
  65  5:06  Terran Infantry Weapons Level 1  
  66  5:07  Terran Infantry Armor Level 1  
  66  5:10  SCV  
  66  5:12  SCV  
  68  5:17  Marine x2  
  68  5:21  Orbital Command, Supply Depot  
  70  5:22  SCV  
  70  5:25  SCV  
  70  5:28  Marine  
  73  5:31  Siege Tank  
  73  5:32  Marine x2  
  73  5:34  SCV  
  79  5:36  Marine  
  79  5:39  Medivac  
  79  5:40  SCV  
  79  5:42  Medivac, Marine  
  86  5:45  Marine  
  86  5:49  Orbital Command, Supply Depot  
  87  5:50  SCV  
  87  5:54  Marine  
  87  5:55  SCV, Marine  
  91  6:03  Armory, Marine x2  
  93  6:05  SCV, Supply Depot  
  93  6:06  Marine  
  93  6:09  SCV  
  96  6:12  Marine  
  96  6:15  Marine  
  98  6:20  Barracks, Combat Shield, SCV  
  98  6:21  Marine  
  98  6:22  Barracks  
  100  6:28  SCV x2  
  100  6:30  Supply Depot, Marine  
  106  6:32  Siege Tank  
  106  6:38  Marine  
  106  6:39  SCV  
  108  6:41  SCV  
  108  6:45  SCV  
  102  6:52  Marine  
  102  6:53  SCV, Marine  
  104  6:55  Factory  
  104  6:58  Marine x3  
  104  7:00  SCV x2  
  105  7:04  Supply Depot, Refinery x2  
  105  7:07  Terran Infantry Armor Level 2, Terran Infantry Weapons Level 2  
  102  7:09  Barracks Reactor x2  
  102  7:12  SCV x2  
  102  7:13  Factory Reactor  
  104  7:17  SCV  
  105  7:24  SCV, Marine x2  
  105  7:27  Marine x3  
  105  7:28  SCV, Supply Depot  
  112  7:30  Supply Depot  
  112  7:31  SCV  
  112  7:33  Terran Vehicle And Ship Armor Level 1  
  112  7:36  SCV  
  114  7:40  SCV  
  114  7:41  Marine  
  114  7:42  Marine  
  117  7:45  Marine  
  117  7:46  Marine x2  
  117  7:47  Command Center  
  117  7:50  SCV  
  121  7:53  Marine x2  
  121  7:54  Drilling Claws, Widow Mine  
  121  7:55  Widow Mine x2  
  121  7:56  Medivac x2  
  132  7:59  Supply Depot  
  132  8:01  Sensor Tower  
  132  8:03  Marine x2  
  132  8:05  Marine x2  
  134  8:09  Marine x2  
  134  8:10  Supply Depot  
  138  8:16  Widow Mine  
  138  8:18  Widow Mine x2, Marine x2  
  144  8:22  Marine x2  
  144  8:24  Barracks, Marine x2  
  144  8:25  Barracks  
  144  8:26  Medivac, Marine  
  151  8:27  Barracks  
  151  8:30  Marine  
  151  8:33  Marine  
  153  8:36  Marine x2  
  153  8:37  Widow Mine  
  153  8:39  Supply Depot  
  153  8:40  Marine  
  156  8:42  Marine x2, Widow Mine  
  156  8:45  Marine x2  
  156  8:46  Medivac  
  164  8:53  Marine  
  165  8:58  Medivac, Marine x2  
  165  8:59  Widow Mine x2  
  171  9:03  Marauder, Widow Mine  
  171  9:09  Marine x2  
  177  9:15  Barracks Reactor, Barracks Tech Lab x2  
  177  9:16  Supply Depot  
  177  9:19  Missile Turret, SCV  
  177  9:20  SCV, Widow Mine x2, Marine  
  184  9:25  Marauder, Widow Mine  
  184  9:28  Liberator  
  188  9:32  Marine x2  
  188  9:34  Marauder  
  185  9:40  Planetary Fortress  
  185  9:41  Marauder  
  185  9:42  Widow Mine x2  
  185  9:44  Viking  
  196  9:53  Marauder, Widow Mine  
  196  9:54  Terran Vehicle And Ship Armor Level 2  
  196  9:57  Terran Infantry Weapons Level 3  
  196  9:58  SCV  
  187  10:03  Widow Mine x2  
  187  10:04  Terran Infantry Armor Level 3  
  187  10:05  Marine x2  
  191  10:11  Marine x4  
  191  10:12  SCV  
  196  10:14  Marine  
  196  10:15  SCV  
  196  10:19  Marine  
  196  10:35  SCV, Marine  
  196  10:36  Command Center  
  196  10:38  SCV, Marine  
  196  10:39  SCV, Widow Mine x2, Marauder, Marine x3  
  196  10:40  Widow Mine  
  196  10:41  Marine  
  194  10:44  Marine x2  
  194  10:53  Medivac, Marine x2  
  196  10:57  Marine x2  
  196  11:01  Marine x3  
  196  11:02  Medivac  
  193  11:08  Widow Mine  
  187  11:12  Supply Depot  
  187  11:13  Supply Depot  
  187  11:14  Refinery x2  
  173  11:26  Supply Depot x2  
  173  11:28  SCV x2, Widow Mine, Marine x5, Marauder x3  
  173  11:30  SCV x2  
  173  11:31  Marine  
  188  11:33  Medivac, Marine x2  
  188  11:34  Widow Mine x2, Marine, Medivac  
  188  11:35  Ghost Academy  
  192  11:40  SCV x2  
  192  11:42  SCV  
  192  11:45  Marine x3  
  192  11:46  Marine  
  188  11:50  Marauder x3, Widow Mine  
  193  11:55  Widow Mine x2  
  193  11:56  Starport  
  193  11:57  Fusion Core, Starport  
  193  12:04  Marine x2  
  193  12:06  Supply Depot x2  
  193  12:07  Supply Depot  
  185  12:11  Marauder x2, Widow Mine  
  185  12:13  Command Center  
  185  12:14  SCV  
  187  12:16  SCV  
  187  12:17  SCV, Widow Mine x2  
  187  12:18  Liberator  
  187  12:19  Marine  
  187  12:20  SCV  
  194  12:24  Marine  
  194  12:26  SCV  
  196  12:33  Starport Reactor  
  196  12:36  Marine  
  200  12:37  Marauder x2, Barracks Tech Lab  
  200  12:38  Starport Tech Lab  
  200  12:41  Widow Mine  
  200  12:45  Ghost  
  200  12:47  Widow Mine  
  200  12:50  Medivac  
  195  12:54  Marine x3  
  195  12:55  Marine  
  195  12:57  Ghost, Marine x2  
  195  12:58  Ghost  
  192  13:00  Ghost  
  192  13:04  Widow Mine  
  187  13:06  Marine  
  187  13:07  Widow Mine  
  186  13:13  Orbital Command  
  186  13:14  Orbital Command  
  186  13:19  SCV x2  
  185  13:20  Ghost  
  185  13:23  Orbital Command  
  185  13:26  Ghost, Liberator  
  175  13:29  Marine x4, Widow Mine, Marauder  
  176  13:39  Marauder  
  176  13:41  Marine  
  176  13:42  Marine  
  184  13:49  Marauder  
  184  13:51  Marauder  
  188  13:56  Planetary Fortress  
  188  13:57  Refinery, Marine x2  
  188  13:58  Refinery  
  185  14:10  Marauder, Marine  
  185  14:12  Marine x4  
  185  14:13  Marine  
  185  14:15  Marauder  
  177  14:18  Widow Mine  
  177  14:19  Marauder  
  177  14:23  Widow Mine  
  174  14:26  Marauder  
  174  14:30  Marine, Widow Mine  
  174  14:31  Marauder, Marine  
  175  14:32  Marine x6  
  175  14:37  Marauder  
  175  14:38  Command Center  
  189  14:40  Marauder  
  194  14:49  Marine  
Tags
 
Add a new tag
Caveats
  • Supply blocks, unpowered buildings, or Contaminate may cause inaccurate times.
  • Supply counts are checked every 10 seconds.